 Dungeon Crawl Stone Soup version 0.29.1-15-g9cfb28693d (webtiles) character file.

Game seed: 2370190808789220129

149 Jase the Shield-Bearer (level 5, -6/41 HPs)
             Began as a Formicid Fighter on Mar 22, 2023.
             Mangled by an ogre
             ... wielding a +0 giant club
              (15 damage)
             ... on level 4 of the Dungeon.
             The game lasted 00:05:05 (2521 turns).

Jase the Shield-Bearer (Formicid Fighter)           Turns: 2521, Time: 00:05:06

Health: -6/41      AC: 14    Str: 23    XL:     5   Next: 57%
Magic:  5/5        EV:  7    Int:  7    God:
Gold:   192        SH:  5    Dex: 13    Spells: 4/4 levels left

rFire   . . .      SeeInvis +   a - +0 flail
rCold   . . .      Faith    .   c - +0 buckler
rNeg    . . .      Spirit   .   l - +0 chain mail
rPois   .          Reflect  .   (helmet unavailable)
rElec   .          Harm     .   (no cloak)
rCorr   .          Rampage  .   (no gloves)
Will    .....                   m - +0 pair of boots
Stlth   ..........              (no amulet)
HPRegen 0.13/turn               r - +4 ring of protection
MPRegen 0.09/turn               (no ring)

@: no status effects
A: permanent stasis, dig shafts and tunnels, antennae 3, four strong arms
a: Dig, Shaft Self


You were on level 4 of the Dungeon.
You visited 1 branch of the dungeon, and saw 4 of its levels.

You collected 192 gold pieces.

Inventory:

Hand Weapons
 a - a +0 flail (weapon)
Missiles
 u - 2 stones
 v - 5 javelins
 x - 3 poisoned darts (quivered)
Armour
 c - a +0 buckler (worn)
 l - a +0 chain mail (worn)
 m - a +0 pair of boots (worn)
Jewellery
 r - a +4 ring of protection (left hand)
Wands
 t - a wand of paralysis (8)
Scrolls
 b - a scroll of enchant weapon {unknown}
 f - 2 scrolls of immolation {unknown}
 g - 4 scrolls of teleportation {unknown}
 k - a scroll of vulnerability {unknown}
 n - 3 scrolls of noise {unknown}
 p - 2 scrolls of enchant armour {unknown}
 s - a scroll of amnesia {unknown}
 w - a scroll of butterflies {unknown}
Potions
 d - a potion of might
 e - 2 potions of flight {unknown}
 h - 3 potions of curing {unknown}
 i - a potion of brilliance {unknown}
 j - 2 potions of attraction {unknown}
 o - a potion of mutation {unknown}
 q - a potion of haste {unknown}
 z - a potion of resistance {unknown}


   Skills:
 - Level 3.2 Fighting
 * Level 4.2 Maces & Flails
 + Level 3.8 Armour
 + Level 5.3 Shields


You had 4 spell levels left.
You didn't know any spells.
Your spell library contained the following spells:

 Spells                   Type           Power      Damage    Failure   Level
 Foxfire                  Conj/Fire      0%         2x1d4     99%         1
 Conjure Flame            Conj/Fire      0%         6-21      100%        3
 Inner Flame              Hex/Fire       0%         N/A       100%        3
 Flame Wave               Conj/Fire      0%         2d4       100%        4


Dungeon Overview and Level Annotations

Branches:
Dungeon (4/15)
 Temple: D:4-7

Altars:
Elyvilon
Trog


Innate Abilities, Weirdness & Mutations

You cannot be hasted, slowed, berserked, paralysed or teleported.
You can dig through walls and to a lower floor.
You have a pair of large antennae on your head. (SInv)
Your four strong arms can wield two-handed weapons with a shield.


Message History

No target in view!
z - a metallic dark potion
Found a stone staircase leading down.
You now have 192 gold pieces (gained 14).
There is a stone staircase leading down here.
An ogre comes into view. It is wielding a +0 giant club.
The ogre shouts!
The ogre moves out of view.
Throw: 6 darts (poison)
Press: ? - help, Q - select action, (/) - cycle Shift-Dir - straight line, f - ogre
Aim: an ogre, wielding a +0 giant club (73% to hit)
You throw a poisoned dart. The poisoned dart hits the ogre.
The ogre is poisoned.
Throw: 5 darts (poison)
Press: ? - help, Q - select action, (/) - cycle Shift-Dir - straight line, f/p - ogre
Aim: an ogre, wielding a +0 giant club (poisoned, 73% to hit)
You throw a poisoned dart. The poisoned dart hits the ogre.
Throw: 4 darts (poison)
Press: ? - help, Q - select action, (/) - cycle Shift-Dir - straight line, f/p - ogre
Aim: an ogre, wielding a +0 giant club (poisoned, 73% to hit)
You throw a poisoned dart. The poisoned dart hits the ogre.
The ogre looks even sicker.
Unknown command.
Unknown command.
Unknown command.
Unknown command.
You hit the ogre.
The ogre is lightly wounded.
The ogre hits you with a +0 giant club!
You hit the ogre.
The ogre is lightly wounded.
The ogre hits you with a +0 giant club!
* * * LOW HITPOINT WARNING * * *
You hit the ogre but do no damage.
The ogre is moderately wounded.
The ogre completely misses you.
You hit the ogre.
The ogre is moderately wounded.
The ogre hits you with a +0 giant club!
You die...

#### #..#####
#####...#..#
##..##......##
#...........[# #.
###..........#
####..
##..>......##.#....
####.#...@........
####..#O.......
####..#.(......
##........(.....
###.........#(....
#.<†.......##.....
#..†..............
#.......#.#.#....
..........#.### ..


You could see an ogre (poisoned).

Vanquished Creatures
  A scorpion (D:4)
  A gnoll (D:1)
  3 adders (D:2)
  A dart slug (D:2)
  5 ball pythons
  6 bats
  7 endoplasms
  2 giant cockroaches
  7 goblins
  2 hobgoblins
  5 kobolds
  3 quokkas
  5 frilled lizards
  3 rats
51 creatures vanquished.

Notes
Turn   | Place    | Note
-------+----------+-------------------------------------------
     0 | D:1      | Jase the Formicid Fighter began the quest for the Orb.
     0 | D:1      | Reached XP level 1. HP: 18/18 MP: 1/1
     0 | D:1      | Noticed a tentacled monstrosity
     0 | D:1      | Noticed a shadow dragon
     1 | D:1      | Noticed an iron dragon
     3 | D:1      | Noticed a tentacled monstrosity
     3 | D:1      | Noticed a large abomination
     5 | D:1      | Noticed a white draconian
     7 | D:1      | Noticed a white draconian
     8 | D:1      | Noticed a tentacled monstrosity
    12 | D:1      | Noticed a golden dragon
    14 | D:1      | Noticed a golden dragon
    14 | D:1      | Noticed a red draconian
    16 | D:1      | Noticed a shadow dragon
    18 | D:1      | Noticed a shadow dragon
    97 | D:1      | Reached XP level 2. HP: 20/24 MP: 2/2
   561 | D:1      | Reached XP level 3. HP: 29/29 MP: 3/3
  1102 | D:2      | Found a bloodstained altar of Trog.
  1133 | D:2      | Reached XP level 4. HP: 35/35 MP: 4/4
  1807 | D:2      | Found a faded altar of an unknown god.
  1823 | D:2      | Reached skill level 5 in Shields
  2174 | D:3      | Found a white marble altar of Elyvilon.
  2469 | D:4      | Noticed a scorpion
  2474 | D:4      | Killed a scorpion
  2475 | D:4      | Reached XP level 5. HP: 40/41 MP: 5/5
  2513 | D:4      | Noticed an ogre
  2521 | D:4      | Mangled by an ogre

Illustrated notes

Levels and vault maps discovered:
D:1:      shiori_arrival_whats_in_store_for_you, layout_rooms, minmay_distorted
D:2:      layout_basic, basic_altar, shapermc_ecumenical_altar_pompeii,
          minmay_tromino_mix6
D:3:      layout_rooms, lemuel_coloured_pillars_altar
D:4:      layout_cave_pools, minmay_manual_maat, uniq_crazy_yiuf_cottage

Skill      XL: |  1  2  3  4 |
---------------+-------------+-----
Maces & Flails | 3 4 |  4.2
Shields        | 5 |  5.3
Fighting       | |  3.2
Armour         | |  3.8

Action                   |  1- 3 |  4- 6 || total
-------------------------+-------+-------++-------
Melee: Flail             |    94 |    79 ||   173
Throw: Dart              |       |     3 ||     3
Armor: Scale mail        |    39 |       ||    39
       Chain mail        |       |    47 ||    47
Dodge: Dodged            |    54 |    18 ||    72
Block: Buckler           |    18 |    15 ||    33
